 Dungeon Crawl Stone Soup version 0.20-a0-1063-gb8e8b7e (webtiles) character file.

416229 Murumi the Ninja (level 22, -17/169 HPs)
             Began as a Vampire Enchanter on Apr 26, 2017.
             Was the Champion of Dithmenos.
             Killed by the air
             ... invoked by a titan
              (35 damage)
             ... on level 5 of the Vaults on Apr 28, 2017.
             The game lasted 06:21:38 (56418 turns).

Murumi the Ninja (Vampire Enchanter)               Turns: 56418, Time: 06:21:38

Health: -17/169    AC: 12    Str: 10    XL:     22   Next: 56%
Magic:  1/39       EV: 32    Int: 19    God:    Dithmenos [******]
Gold:   1991       SH: 14    Dex: 23    Spells: 26/47 levels left

rFire    . . .     SeeInvis +   r - +9 dagger (drain)
rCold    + + +     Gourm    .   n - +2 buckler "Qatocis" {rN+ Regen+}
rNeg     + + +     Faith    .   y - +2 robe {MR+}
rPois    +         Spirit   .   j - +0 helmet
rElec    +         Reflect  +   q - +0 cloak
rCorr    .         Harm     .   c - +2 pair of gloves {Str+3}
MR       ++++.                  K - +2 pair of boots {Fly}
Stlth    ++++++++++             f - amulet "Watsugae" {Reflect *Contam *Slow rElec rC++ SH+4 SInv}
Regen    0.4/turn               G - ring of stealth
MPRegen  0.3/turn               U - +4 ring of evasion

@: flying, regenerating slowly, hasted, wreathed by umbra, very quick
A: fangs 3, camouflage 1, see invisible, magic resistance 1, unbreathing
}: 2/15 runes: serpentine, barnacled
a: Bat Form, Shadow Step, Shadow Form, Renounce Religion, Stop Flying


You were on level 5 of the Vaults.
You worshipped Dithmenos.
Dithmenos was exalted by your worship.
You were very thirsty.

You visited 7 branches of the dungeon, and saw 37 of its levels.
You also visited: Trove, Ossuary, Bailey and Volcano.

You collected 5333 gold pieces.
You spent 3342 gold pieces at shops.

Inventory:

Hand Weapons
 a - a +1 dagger of electrocution
 r - a +9 dagger of draining (weapon)
 C - a +0 dagger of freezing
Armour
 c - a +2 pair of gloves of strength (worn)
 j - a +0 helmet (worn)
 n - the +2 buckler "Qatocis" (worn) {rN+ Regen+}
   (You found it in a treasure trove)

   It protects you from negative energy.
   It increases your rate of regeneration.
 q - a +0 cloak (worn)
 y - a +2 robe of magic resistance (worn)
 I - a +2 robe of resistance
 K - a +2 pair of boots of flying (worn)
Jewellery
 f - the amulet "Watsugae" (around neck) {Reflect *Contam *Slow rElec rC++ SH+4 SInv}
   (You found it in a treasure trove)

   [amulet of reflection]

   It shields you and reflects attacks.
   It greatly protects you from cold.
   It insulates you from electricity.
   It lets you see invisible.
   It causes magical contamination when unequipped.
   It may slow you when you take damage.
   It affects your SH (+4).
 i - an uncursed ring of protection from fire
 w - an uncursed ring of resist corrosion
 G - a ring of stealth (left hand)
 H - an uncursed ring of protection from fire
 U - a +4 ring of evasion (right hand)
 V - an uncursed ring of protection from magic
 Z - an uncursed ring of protection from magic
Wands
 e - a wand of digging (13/24)
 t - a wand of enslavement (12/24)
 v - a wand of acid (8/15)
 A - a wand of confusion (27/48)
 M - a wand of confusion (23/48)
 P - a wand of disintegration (9/24)
Scrolls
 b - 5 scrolls of magic mapping
 g - 6 scrolls of recharging
 l - 12 scrolls of teleportation
 o - 5 scrolls of enchant armour
 u - 4 scrolls of blinking
 x - 13 scrolls of remove curse
 F - 7 scrolls of identify
 L - a scroll of summoning
 N - 9 scrolls of fear
 O - 7 scrolls of amnesia
 S - a scroll of silence
 T - 4 scrolls of fog
Potions
 d - 20 potions of blood
 h - 8 potions of agility
 k - 8 potions of brilliance
 m - a potion of magic
 p - 14 potions of curing
 s - 8 potions of haste
 z - 2 potions of cancellation
 B - 9 potions of mutation
 D - 3 potions of heal wounds
 E - 3 potions of might
 W - 2 potions of resistance
Books
 J - a book of the Warp

   Spells                             Type                      Level
   a - Gell's Gravitas                Translocation                3
   b - Portal Projectile              Hexes/Translocation          3
   c - Force Lance                    Conjuration/Translocation    4
   d - Dispersal                      Translocation                6
   e - Controlled Blink               Translocation                8
   f - Disjunction                    Translocation                8
 Q - a book of Conjurations

   Spells                             Type                      Level
   a - Magic Dart                     Conjuration                  1
   b - Searing Ray                    Conjuration                  2
   c - Dazzling Spray                 Conjuration/Hexes            3
   d - Fulminant Prism                Conjuration/Hexes            4
   e - Force Lance                    Conjuration/Translocation    4
   f - Iskenderun's Mystic Blast      Conjuration                  4
 R - a book of Geomancy

   Spells                             Type                      Level
   a - Sandblast                      Earth                        1
   b - Passwall                       Transmutation/Earth          2
   c - Stone Arrow                    Conjuration/Earth            3
   d - Petrify                        Transmutation/Earth          4
   e - Lee's Rapid Deconstruction     Earth                        5
 X - a book of Ice

   Spells                             Type                      Level
   a - Ice Form                       Ice/Transmutation            4
   b - Metabolic Englaciation         Hexes/Ice                    5
   c - Ozocubu's Refrigeration        Ice                          6
   d - Bolt of Cold                   Conjuration/Ice              6
   e - Freezing Cloud                 Conjuration/Ice/Air          6
   f - Simulacrum                     Ice/Necromancy               6
 Y - a book of the Dragon

   Spells                             Type                      Level
   a - Flame Tongue                   Conjuration/Fire             1
   b - Cause Fear                     Hexes                        4
   c - Bolt of Fire                   Conjuration/Fire             6
   d - Dragon Form                    Transmutation                7
   e - Dragon's Call                  Summoning                    9


   Skills:
 - Level 13.0 Fighting
 - Level 16.0 Short Blades
 - Level 16.0 Dodging
 O Level 27 Stealth
 - Level 13.0 Shields
 - Level 13.0 Spellcasting
 + Level 23.0 Hexes


You had 26 spell levels left.
You knew the following spells:

 Your Spells              Type           Power        Failure   Level  Hunger
a - Cause Fear            Hex            #######...   0%          4    #......
b - Ensorcelled Hibernat  Hex/Ice        ######       1%          2    None
c - Confuse               Hex            #######.     0%          3    None
d - Tukima's Dance        Hex            #######.     0%          3    None
e - Dazzling Spray        Conj/Hex       ######       1%          3    None
f - Invisibility          Hex            #######.     1%          6    ######.


Dungeon Overview and Level Annotations

Branches:
Dungeon (15/15)            Temple (1/1) D:5            Lair (6/6) D:10
 Shoals (4/4) Lair:2        Snake (4/4) Lair:3        Slime (0/5) Lair:5
    Orc (2/2) D:12            Elf (0/3) Orc:2        Vaults (5/5) D:14
  Crypt (0/3) Vaults:2     Depths (0/5) D:15

Altars:
Ashenzari
Cheibriados
Dithmenos
Elyvilon
Fedhas
Gozag
Hepliaklqana
Kikubaaqudgha
Makhleb
Nemelex Xobeh
Okawaru
Qazlal
Ru
Sif Muna
Trog
Uskayaw
Vehumet
Wu Jian
Xom
Yredelemnul
Zin
The Shining One
Beogh

Shops:
D:8 :   D:9 *(   D:11 [   Orc:1 !   Orc:2 ::=:   Snake:4 (   Vaults:1 [
Vaults:2 (}}}=   Vaults:3 *   Vaults:4 }   Vaults:5 }

Annotations:
Lair:2 exclusion: ice statue


Innate Abilities, Weirdness & Mutations

You heal slowly.
You have razor-sharp teeth.
You have supernaturally acute eyesight. (SInv)
You can survive without breathing.
Your skin changes colour to match your surroundings (Stealth+).
You are resistant to hostile enchantments. (MR+)


Message History

The spray of energy hits the titan.
The titan is almost dead.
The spray of energy hits the orc knight.
The orc knight is lightly wounded.
The titan waves its arms in wide circles.
The air twists around and violently strikes you in flight!
* * * LOW HITPOINT WARNING * * *
You emit a cloud of dark smoke.
The orc knight completely misses you.
You feel much better. The titan misses you. The orc knight misses you.
You hit the titan.
The titan is almost dead.
You block the titan's attack.
You hit the titan. You drain the titan! You bite the titan, but do no damage.
The titan is almost dead.
The orc knight hits you with a war axe!!
* * * LOW HITPOINT WARNING * * *
You feel yourself speed up.
The titan waves its arms in wide circles.
The air twists around and violently strikes you in flight!
You die...

. ..... (. C.#...§# . . (.
#.#§§..# .# . .##.#§§..# .. ..
...#§(..# ##. .. #..#(.)[# .
#.##..#....#####..
.##..§§§#§...#......
.....§§§§§..........
################@C§.[().######
..........[...§§§o(...........
..............§§§.)<<(..(.....
..............)§§§<..<(.......
............$.$..§.<<[..(.....
################)....)))######
........#...............#
.........#.......#....##'..
.#[.......#..(...#....# ...+


You could see a titan and an orc knight.

Vanquished Creatures
  Xtahua (Vaults:3)
  A golden dragon (Vaults:5)
  3 tentacled monstrosities
  3 liches
  Rupert (D:15)
  A quicksilver dragon (Vaults:5)
  A sphinx (Vaults:1)
  An ancient champion (Vaults:2)
  5 storm dragons
  Agnes (D:14)
  2 krakens (Shoals:4)
  Kirke (Shoals:1)
  2 shadow dragons
  5 tengu reavers (Vaults:5)
  Roxanne (Shoals:1)
  7 nagarajas
  A deep elf sorcerer (Vaults:1)
  2 fire giants
  Ilsuiw (Shoals:4)
  10 vault wardens
  7 frost giants
  Louise (Shoals:4)
  2 deep elf elementalists (Vaults:5)
  An orc warlord (Orc:2)
  18 stone giants
  12 ironheart preservers
  A war gargoyle (Vaults:5)
  2 entropy weavers
  3 very ugly things (Vaults:3)
  2 deep elf demonologists (Vaults:1)
  A deep elf annihilator (Vaults:5)
  Snorg (Lair:5)
  4 ettins
  3 merfolk javelineers
  4 fire dragons
  2 deep elf death magi
  An eidolon (Vaults:2)
  Josephine (D:14)
  10 merfolk impalers
  4 great orbs of eyes
  14 naga warriors
  2 deep elf high priests (Vaults:5)
  4 ice dragons
  11 yaktaur captains
  33 vault guards
  5 hydras
  2 rakshasas (Vaults:1)
  3 merfolk avatars
  6 merfolk aquamancers
  8 centaur warriors
  3 catoblepae
  18 two-headed ogres
  Erica (Lair:1)
  12 anacondas
  4 death knights
  5 death yaks
  2 deep troll shamans (Vaults:3)
  3 ogre magi
  5 orc high priests (Orc:2)
  A tengu warrior (D:14)
  16 naga sharpshooters
  Sonja (D:12)
  8 shock serpents
  4 deep elf knights
  11 skeletal warriors
  A fire crab (shapeshifter) (Vaults:4)
  2 salamander mystics
  A fire crab (Lair:4)
  6 deep trolls
  5 unseen horrors
  A sea snake (shapeshifter) (Vaults:1)
  A kraken simulacrum (Shoals:4)
  10 naga ritualists
  4 glowing orange brains
  An unseen horror (shapeshifter) (Vaults:2)
  2 flayed ghosts
  5 deep elf archers
  14 sea snakes
  13 orc knights
  5 wizards
  2 phantasmal warriors (Vaults:2)
  A necromancer (Vaults:1)
  An orb spider (shapeshifter) (Vaults:3)
  A wolf spider zombie (D:14)
  21 ironbrand convokers
  10 mana vipers
  5 orc sorcerers (Orc:2)
  25 harpies
  10 deep elf magi
  5 wolf spiders
  37 ugly things
  19 cyclopes
  18 manticores
  5 fauns (Shoals:1)
  15 salamanders
  13 merfolk sirens
  A moth of wrath (shapeshifter) (Vaults:5)
  8 water nymphs
  A stone giant zombie (Vaults:1)
  19 naga magi
  A black mamba (shapeshifter) (Vaults:1)
  2 gargoyles
  2 molten gargoyles (D:14)
  2 centaur zombies (D:15)
  59 black mambas
  6 guardian serpents
  16 spiny frogs
  10 vault sentinels
  4 rime drakes
  11 freezing wraiths
  35 yaktaurs
  9 komodo dragons
  2 kobold demonologists
  A queen bee (shapeshifter) (Vaults:1)
  3 tengu conjurers
  A troll (shapeshifter) (Vaults:1)
  10 trolls
  A meliai (shapeshifter) (Vaults:1)
  4 hornets
  2 polar bears
  3 meliai (D:13)
  A wolf spider simulacrum (D:14)
  A queen bee (D:9)
  33 merfolk
  3 harpy zombies (Shoals:2)
  2 jumping spiders (shapeshifter) (Vaults:4)
  Prince Ribbit (D:5)
  A hornet (shapeshifter) (Vaults:3)
  14 slime creatures
  A blink frog (shapeshifter) (D:13)
  20 hippogriffs
  24 blink frogs
  A raiju (shapeshifter) (Vaults:1)
  4 wind drakes
  20 dream sheep
  11 snapping turtles
  2 spriggans (Lair:4)
  6 redbacks
  Sigmund (D:2)
  21 wyverns
  A human (shapeshifter) (Vaults:1)
  10 water elementals
  41 yaks
  11 wraiths
  2 vampires
  2 humans (D:11)
  4 vampire mosquitoes
  A golden eye (shapeshifter) (Vaults:5)
  6 steam dragons
  A basilisk (shapeshifter) (Vaults:1)
  10 fire bats (Volcano)
  A hungry ghost (D:9)
  8 basilisks
  47 nagas
  A yaktaur simulacrum (Vaults:2)
  A warg (shapeshifter) (Vaults:5)
  A warg (Vaults:5)
  2 acid dragons
  Duvessa (D:7)
  25 water moccasins
  13 porcupines
  10 ice beasts
  4 sky beasts
  53 orc warriors
  2 ettin simulacra (Vaults:1)
  An eye of draining (shapeshifter) (Vaults:2)
  4 black bears
  20 wolves
  5 phantoms
  25 ogres
  15 crocodiles
  8 boggarts
  11 centaurs
  A big kobold (D:10)
  14 bullfrogs
  2 hippogriff zombies (Shoals:2)
  The ghost of patcoet the Covert, an amateur SpAs of Wu Jian (D:3)
  A human skeleton (Vaults:1)
  A wyvern zombie (D:7)
  A wyvern skeleton (D:13)
  10 scorpions
  Dowan (D:7)
  15 killer bees (D:9)
  2 wights (D:6)
  2 howler monkeys
  6 crimson imps
  3 quasits
  5 lava snakes (D:14)
  A bullfrog zombie (D:11)
  4 bullfrog skeletons
  6 hounds
  16 jellies
  31 orc priests
  40 orc wizards
  10 centaur skeletons
  Crazy Yiuf (D:4)
  An iguana (D:13)
  7 worker ants
  A killer bee zombie (D:7)
  5 big kobold zombies (Ossuary)
  A hound zombie (D:11)
  2 mummies (Ossuary)
  A worker ant zombie (D:11)
  Robin (D:3)
  2 howler monkey skeletons
  22 adders
  3 gnolls (Bailey)
  3 shadow imps
  A white imp (Lair:2)
  2 oozes
  An adder skeleton (D:6)
  5 adder zombies (Ossuary)
  3 worms
  A dart slug (D:1)
  4 leopard geckos
  125 orcs
  5 ball pythons
  A bat zombie (Shoals:2)
  5 giant cockroaches
  16 goblins
  5 hobgoblins
  2 jackals (D:2)
  5 quokkas
  6 bats
  3 frilled lizards
  6 hobgoblin zombies (Ossuary)
  A jackal zombie (D:8)
  27 kobolds
  6 kobold zombies (Ossuary)
  2 orc zombies (Ossuary)
  A quokka skeleton (D:4)
  4 rats
  A fungus (Shoals:1)
  5 plants
  A withered plant (D:13)
1765 creatures vanquished.

Vanquished Creatures (collateral kills)
  An ironheart preserver (Vaults:5)
  A merfolk impaler (Shoals:3)
  A naga warrior (Snake:4)
  7 vault guards
  A dancing weapon (Vaults:5)
  An ogre mage (Vaults:2)
  2 naga sharpshooters (Snake:4)
  2 naga ritualists (Snake:4)
  An orc knight (Orc:2)
  2 naga magi (Snake:4)
  A wraith (Vaults:3)
  A naga (Snake:4)
  2 orc warriors
  An ogre (Volcano)
  2 wights (D:6)
  An orc wizard (Vaults:5)
  An orc (Vaults:5)
28 creatures vanquished.

Vanquished Creatures (others)
  An ironheart preserver (Vaults:3)
  A merfolk javelineer (Shoals:4)
  A naga warrior (Snake:4)
  A deep elf knight (Vaults:2)
  A merfolk siren (Shoals:1)
  5 yaktaurs
  3 humans (Shoals:1)
  12 dancing weapons
  An orc wizard (Vaults:1)
  An orc (D:11)
  A bush (Lair:6)
  13 fungi
  16 plants
  4 tentacles (Shoals:4)
61 creatures vanquished.

Grand Total: 1854 creatures vanquished

Notes
Turn   | Place    | Note
-------+----------+-------------------------------------------
     0 | D:1      | Murumi the Vampire Enchanter began the quest for the Orb.
     0 | D:1      | Reached XP level 1. HP: 13/13 MP: 3/3
   199 | D:1      | Reached skill level 5 in Stealth
   261 | D:1      | Reached XP level 2. HP: 19/19 MP: 5/5
   265 | D:1      | Learned a level 2 spell: Ensorcelled Hibernation
   529 | D:1      | Reached skill level 1 in Fighting
  1216 | D:2      | Noticed Sigmund
  1217 | D:2      | Killed Sigmund
  1217 | D:2      | Reached skill level 9 in Stealth
  1217 | D:2      | Reached XP level 3. HP: 26/26 MP: 6/6
  1217 | D:2      | Reached XP level 4. HP: 32/32 MP: 7/7
  1217 | D:2      | Reached XP level 5. HP: 37/37 MP: 8/8
  1473 | D:2      | Learned a level 3 spell: Confuse
  2244 | D:3      | Found a glowing golden altar of the Shining One.
  2265 | D:3      | Noticed patcoet's ghost (amateur SpAs)
  2309 | D:3      | Killed patcoet's ghost
  2309 | D:3      | Reached skill level 10 in Stealth
  2309 | D:3      | Reached XP level 6. HP: 37/43 MP: 2/9
  2609 | D:3      | Found a sacrificial altar of Ru.
  2733 | D:3      | Noticed Robin
  2748 | D:3      | Killed Robin
  2873 | D:3      | Learned a level 3 spell: Tukima's Dance
  3501 | D:4      | Reached skill level 5 in Hexes
  3545 | D:4      | Reached XP level 7. HP: 50/50 MP: 10/10
  3649 | D:4      | Found a runed door.
  3653 | D:4      | Noticed Crazy Yiuf
  3659 | D:4      | Killed Crazy Yiuf
  3819 | D:4      | Reached skill level 1 in Shields
  3987 | D:5      | Entered Level 5 of the Dungeon
  4027 | D:5      | Found a shattered altar of Ashenzari.
  4270 | D:5      | Found a burning altar of Makhleb.
  4276 | D:5      | Noticed Prince Ribbit
  4284 | D:5      | Killed Prince Ribbit
  4298 | D:5      | Found a staircase to the Ecumenical Temple.
  4313 | Temple   | Entered the Ecumenical Temple
  4348 | Temple   | Became a worshipper of Dithmenos the Shadowed
  4491 | D:5      | Found a deep blue altar of Sif Muna.
  4542 | D:5      | Reached XP level 8. HP: 56/56 MP: 11/11
  4983 | D:6      | Found a basalt altar of Yredelemnul.
  5271 | D:6      | Reached skill level 11 in Stealth
  5659 | D:6      | Found a stormy altar of Qazlal.
  5671 | D:6      | Reached skill level 12 in Stealth
  6219 | D:7      | Noticed Duvessa
  6221 | D:7      | Noticed Dowan
  6228 | D:7      | Killed Dowan
  6333 | D:7      | Killed Duvessa
  6333 | D:7      | Reached XP level 9. HP: 37/63 MP: 2/13
  6795 | D:7      | Reached skill level 13 in Stealth
  6800 | D:7      | Learned a level 3 spell: Dazzling Spray
  7281 | D:8      | Found a sand-covered staircase.
  7291 | Ossuary  | Entered an ossuary
  7317 | Ossuary  | Reached * piety under Dithmenos
  7943 | D:8      | Reached ** piety under Dithmenos
  8141 | D:8      | Reached skill level 14 in Stealth
  8350 | D:8      | Found Afeech's Book Shop.
  8503 | D:8      | Gained mutation: You evolve. [potion of mutation]
  8503 | D:8      | Gained mutation: Your skin changes colour to match your surroundings (Stealth+). [potion of mutation]
  8801 | D:8      | Reached skill level 5 in Short Blades
  8977 | D:8      | Found an iron altar of Okawaru.
  8981 | D:8      | Found a sparkling altar of Nemelex Xobeh.
  8984 | D:8      | Found a white marble altar of Elyvilon.
  9016 | D:8      | Reached skill level 5 in Dodging
  9117 | D:9      | Found Udghey Idyosi's Assorted Antiques.
  9127 | D:9      | Bought a scroll labeled ZOF MAEQOUM for 28 gold pieces
  9127 | D:9      | Bought a scroll labeled QUEMUA QAKAAXT for 28 gold pieces
  9136 | D:9      | Gained mutation: You are resistant to hostile enchantments. (MR+) [evolution]
  9253 | D:9      | Found a flagged portal.
  9267 | Bailey   | Entered a bailey
  9453 | Bailey   | Noticed an orc knight
  9479 | Bailey   | Killed an orc knight
  9479 | Bailey   | Reached skill level 15 in Stealth
  9479 | Bailey   | Reached XP level 10. HP: 53/70 MP: 0/14
  9691 | Bailey   | Reached *** piety under Dithmenos
  9824 | D:9      | Identified a scroll of acquirement
  9852 | D:9      | Found a shimmering altar of Xom.
 10011 | D:9      | Reached **** piety under Dithmenos
 10072 | D:9      | Reached skill level 16 in Stealth
 10084 | D:9      | Found a basalt altar of Yredelemnul.
 10125 | D:9      | Found Vacogiagh's Weapon Emporium.
 10266 | D:8      | Bought a book of the Warp for 900 gold pieces
 10300 | D:9      | Bought a dented brass amulet for 140 gold pieces
 10304 | D:9      | Bought a gold wand for 112 gold pieces
 10304 | D:9      | Bought a bone wand for 112 gold pieces
 10325 | D:10     | Entered Level 10 of the Dungeon
 10612 | D:10     | Noticed a two-headed ogre
 10619 | D:10     | Killed a two-headed ogre
 10650 | D:10     | Reached XP level 11. HP: 77/77 MP: 17/17
 10701 | D:10     | Found a staircase to the Lair.
 10926 | D:10     | Reached skill level 17 in Stealth
 11313 | D:10     | Lost mutation: You evolve. [end of evolution]
 11541 | Lair:1   | Entered Level 1 of the Lair of Beasts
 11605 | Lair:1   | Noticed Erica
 11612 | Lair:1   | Killed Erica
 11612 | Lair:1   | Reached skill level 10 in Hexes
 11799 | Lair:1   | Noticed an eight-headed hydra
 11825 | Lair:1   | Killed an eight-headed hydra
 12016 | Lair:1   | Reached skill level 18 in Stealth
 12058 | Lair:1   | Reached ***** piety under Dithmenos
 12058 | Lair:1   | Reached skill level 5 in Shields
 12413 | Lair:1   | Reached skill level 5 in Spellcasting
 12950 | Lair:2   | Reached skill level 5 in Fighting
 12958 | Lair:2   | Reached XP level 12. HP: 86/86 MP: 12/19
 13274 | Lair:2   | Reached skill level 19 in Stealth
 13338 | Lair:2   | Found a staircase to the Shoals.
 13766 | Lair:2   | Noticed a seven-headed hydra
 13786 | Lair:2   | Killed a seven-headed hydra
 14120 | Lair:2   | HP: 1/86 [ice statue/bolt of cold (13)]
 14440 | Lair:3   | Reached skill level 20 in Stealth
 14607 | Lair:3   | Found a staircase to the Snake Pit.
 14801 | Lair:3   | Noticed a four-headed hydra
 14813 | Lair:3   | Killed a four-headed hydra
 14881 | Lair:3   | Found a dark tunnel.
 14896 | Volcano  | Entered a volcano
 14943 | Volcano  | Noticed a two-headed ogre
 14947 | Volcano  | Killed a two-headed ogre
 14950 | Volcano  | Reached XP level 13. HP: 96/96 MP: 22/22
 15057 | Volcano  | Noticed a fire dragon
 15072 | Volcano  | Killed a fire dragon
 16348 | Lair:4   | Reached ****** piety under Dithmenos
 16664 | Lair:5   | Reached skill level 21 in Stealth
 16730 | Lair:5   | Found a staircase to the Slime Pits.
 17020 | Lair:5   | Noticed Snorg
 17074 | Lair:5   | Killed Snorg
 17555 | Lair:5   | Found a staircase to the Slime Pits.
 17988 | Lair:6   | Entered Level 6 of the Lair of Beasts
 18005 | Lair:6   | Reached XP level 14. HP: 103/103 MP: 23/23
 18009 | Lair:6   | Reached skill level 22 in Stealth
 18800 | Lair:6   | Reached skill level 23 in Stealth
 18904 | Lair:6   | Reached skill level 10 in Short Blades
 19433 | Lair:6   | Reached skill level 10 in Dodging
 20436 | D:11     | Found an iron altar of Okawaru.
 20600 | D:11     | Found Dagausef's Armour Emporium.
 20603 | D:11     | Bought a +2 pair of gloves of strength for 344 gold pieces
 21045 | D:12     | Reached skill level 24 in Stealth
 21351 | D:12     | Found a portal to a secret trove of treasure.
 21359 | D:12     | Noticed Sonja
 21366 | D:12     | Killed Sonja
 21421 | Trove    | Entered a treasure trove
 21455 | Trove    | Got a translucent steel amulet
 21478 | Trove    | Got a translucent buckler
 21489 | Trove    | Identified the +2 buckler "Qatocis" {rN+ Regen+} (You found it in a treasure trove)
 21534 | D:12     | Reached XP level 15. HP: 108/108 MP: 25/25
 21535 | D:12     | Identified the amulet "Watsugae" {Reflect *Contam *Slow rElec rC++ SH+4 SInv} (You found it in a treasure trove)
 21811 | D:12     | Reached XP level 16. HP: 115/115 MP: 26/26
 22018 | D:12     | Found a staircase to the Orcish Mines.
 22349 | Orc:1    | Entered Level 1 of the Orcish Mines
 22491 | Orc:1    | Found Cojes's Distillery.
 22618 | Orc:1    | Found a roughly hewn altar of Beogh.
 22770 | Orc:1    | Bought a potion of degeneration for 12 gold pieces
 22773 | Orc:1    | Bought a potion of haste for 120 gold pieces
 22773 | Orc:1    | Bought a potion of haste for 120 gold pieces
 22773 | Orc:1    | Bought a potion of agility for 48 gold pieces
 22773 | Orc:1    | Bought a potion of heal wounds for 60 gold pieces
 23120 | Orc:2    | Entered Level 2 of the Orcish Mines
 23922 | Orc:2    | Found Qankumm's Jewellery Emporium.
 24185 | Orc:2    | Found a roughly hewn altar of Beogh.
 24394 | Orc:2    | Bought an uncursed ring of stealth for 210 gold pieces
 24635 | Orc:2    | Found Pimec's Book Boutique.
 24904 | Orc:2    | Found a roughly hewn altar of Beogh.
 25101 | Orc:2    | Found Xorasass's Book Emporium.
 25117 | Orc:2    | Found Baifam's Book Shoppe.
 25462 | Orc:2    | Found a staircase to the Elven Halls.
 25533 | Orc:2    | Reached skill level 25 in Stealth
 26049 | Shoals:1 | Entered Level 1 of the Shoals
 26049 | Shoals:1 | Noticed Roxanne
 26343 | Shoals:1 | Killed Roxanne
 26344 | Shoals:1 | Identified Roxanne's Almanac of the Rocks (You took it off Roxanne on level 1 of the Shoals)
 26617 | Shoals:1 | Noticed Kirke
 26631 | Shoals:1 | Killed Kirke
 27286 | Shoals:1 | Reached skill level 26 in Stealth
 28519 | D:13     | Reached skill level 15 in Hexes
 28676 | D:14     | Noticed Agnes
 28677 | D:14     | Killed Agnes
 28824 | D:14     | Found a gate to the Vaults.
 28984 | D:14     | Noticed Josephine
 28989 | D:14     | Killed Josephine
 29024 | D:14     | Reached XP level 17. HP: 125/125 MP: 30/30
 29871 | D:15     | Entered Level 15 of the Dungeon
 29995 | D:15     | Noticed Rupert
 29999 | D:15     | Killed Rupert
 30659 | D:15     | Found a staircase to the Depths.
 32318 | Shoals:3 | Reached skill level 27 in Stealth
 33380 | Shoals:4 | Entered Level 4 of the Shoals
 33380 | Shoals:4 | Noticed Ilsuiw
 33809 | Shoals:4 | Killed Ilsuiw
 33951 | Shoals:4 | Reached XP level 18. HP: 46/132 MP: 12/31
 34211 | Shoals:4 | Noticed Louise
 34349 | Shoals:4 | Killed Louise
 34870 | Shoals:3 | Reached skill level 10 in Spellcasting
 35467 | Shoals:4 | Reached skill level 10 in Fighting
 35963 | Shoals:4 | Got a barnacled rune of Zot
 36081 | Shoals:4 | Upgraded the game from 0.20-a0-1056-g7622305 to 0.20-a0-1061-gbbf974c
 36288 | Snake:1  | Entered Level 1 of the Snake Pit
 36542 | Snake:1  | Reached skill level 10 in Shields
 38304 | Snake:2  | Found a runed gate.
 38304 | Snake:2  | Found a runed gate.
 38304 | Snake:2  | Found a runed gate.
 38822 | Snake:2  | Learned a level 4 spell: Cause Fear
 39854 | Orc:2    | Bought an uncursed ring of protection from fire for 300 gold pieces
 40275 | Snake:3  | Reached XP level 19. HP: 112/140 MP: 28/33
 40867 | Snake:4  | Entered Level 4 of the Snake Pit
 41803 | Snake:4  | Found Zidaas's Antique Weapon Emporium.
 42609 | Snake:4  | Upgraded the game from 0.20-a0-1061-gbbf974c to 0.20-a0-1063-gb8e8b7e
 43943 | Snake:4  | Got a serpentine rune of Zot
 44352 | Vaults:1 | Entered Level 1 of the Vaults
 44626 | Vaults:1 | Found Vyityrgh's Antique Armour Emporium.
 45199 | Vaults:1 | Reached XP level 20. HP: 143/150 MP: 21/35
 47442 | Orc:2    | Bought a book of Party Tricks for 600 gold pieces
 47450 | Orc:2    | Learned a level 6 spell: Invisibility
 47951 | Vaults:2 | Found Hosourgh's Antique Weapon Emporium.
 48006 | Vaults:2 | Identified the cursed +1 robe of Lucidity {MP+9} (You found it on level 2 of the Vaults)
 48043 | Vaults:2 | Found a staircase to the Crypt.
 48045 | Vaults:2 | Reached skill level 15 in Short Blades
 48199 | Vaults:2 | Found Kerrudi's Gadget Shoppe.
 48199 | Vaults:2 | Found Obielafa's Gadget Shoppe.
 48492 | Vaults:2 | Found Qiczi's Gadget Emporium.
 48501 | Vaults:2 | Found Ulass's Jewellery Shoppe.
 48519 | Vaults:2 | Bought a cursed -2 ring of dexterity for 28 gold pieces
 48802 | Vaults:2 | Reached skill level 15 in Dodging
 50065 | Vaults:3 | Reached XP level 21. HP: 159/159 MP: 37/37
 50103 | Vaults:3 | Found Lottuy's General Store.
 50110 | Vaults:3 | Bought a scroll of summoning for 180 gold pieces
 51163 | Vaults:3 | Noticed Xtahua
 51222 | Vaults:3 | Killed Xtahua
 52295 | Vaults:4 | Found Bosto's Gadget Shop.
 53037 | Vaults:5 | Entered Level 5 of the Vaults
 54278 | Vaults:4 | Reached XP level 22. HP: 154/165 MP: 14/39
 55090 | Vaults:5 | Identified the cursed +1 robe "Forget-Me-Not" {Str+4 SInv} (You found it on level 5 of the Vaults)
 55614 | Vaults:5 | Found Cehopp's Gadget Boutique.
 56045 | Vaults:5 | Identified the cursed +1 robe "Jekaceuch" {*Drain rElec rPois rN++ Regen+} (You took it off a yaktaur captain on level 5 of the Vaults)
 56057 | Vaults:5 | Noticed a golden dragon
 56076 | Vaults:5 | Killed a golden dragon
 56418 | Vaults:5 | Killed from afar by a titan

Vault maps used:
D:1:      dpeg_arrival_solitude
D:2:      uniq_sigmund
D:3:      tso_oasis_becter, marbit_many_paths, first_bread, uniq_robin
D:4:      hex_medium, kennysheep_generic_room_5, uniq_crazy_yiuf_cottage
D:5:      bloody_makhleb, ashenzari_conservatory_becter, lemuel_round_altar,
          minmay_temple_entry_trees, uniq_prince_ribbit1
D:6:      grunt_qazlal_sundering, yredelemnul_altar_generic
D:7:      uniq_duvessa
D:8:      minmay_overflow_temple_star_quad, enter_ossuary_3, serial_shops, shop
D:9:      kennysheep_little_box, enter_bailey_1, serial_shops, shop_fountains,
          nicolae_shop_overgrown_old_shop, basic_altar, hangedman_glass_garden,
          david_nohive_1
D:10:     cheibrodos_steamvent, due_lair_maze_entry_diamond,
          serial_column_ruins, column_ruins_hut_water, column_ruins_open_small,
          column_ruins_columns_straight, column_ruins_open_small,
          column_ruins_grid_1
D:11:     serial_shops, nicolae_shop_behind_doors, okawaru_humans
D:12:     minmay_big_diamond_grid, enter_trove_0, kennysheep_decorative_pillar,
          st_stairs_2, patterned_corridor, uniq_sonja
D:13:     argonaut_gorgonesque
D:14:     cheibrodos_magma_flow, david_vaults_2, uniq_josephine, uniq_agnes
D:15:     grunt_enter_depths_hoard, serial_bayou, serial_bayou_lagoon_a,
          serial_bayou_pond_d, serial_bayou_pond_e, serial_bayou_shore_b,
          serial_bayou_pond_d, uniq_rupert
Temple:   jpeg_temple_clearing
Lair:1:   uniq_erica
Lair:2:   shoals_dummy_entry, bh_autumn_forest_stairs, ice2_lemuel
Lair:3:   minmay_snake_entry_six_corridors, nicolae_volcano_entry_two_sided
Lair:4:   forest_entry_grove
Lair:5:   minmay_slime_entry_jelly_boxes, serial_bayou_shore_b, uniq_snorg
Lair:6:   hangedman_lair_tendril_chambers, grunt_forest_small_clearings,
          lemuel_fruit_fields
Shoals:1: nicolae_shoals_seven_spires, st_cyclops, uniq_kirke, uniq_roxanne
Shoals:2: nicolae_shoals_undead_eyrie
Shoals:4: shoals_end_grunt_ice, shoal_ilsuiw,
          nicolae_shoals_stone_sculpture_thing, uniq_louise
Snake:2:  st_stairs_8, nicolae_snake_horde_hoard, serial_bayou_shore_b
Snake:3:  st_stairs_4
Snake:4:  snake_pit, serial_shops, shop
Orc:1:    basic_altar, serial_shops, nicolae_shop_crystal
Orc:2:    pubby_orc_utopia
Vaults:1: v_misc_11, ontoclasm_vaults_tryst, nicolae_vaults_big_angled_halls,
          nicolae_vaults_triangles, hangedman_vaults_hard_town_square,
          v_misc_29, v_misc_32, vaults_standard_mumra_x, vaults_dpeg_doors,
          nicolae_vaults_network_periphery, grunt_vaults_hallway_long,
          v_misc_24, nicolae_vaults_little_squares_5, serial_shops, shop_coins
Vaults:2: nicolae_vaults_border_crossing, ontoclasm_vaults_spin,
          v_alt_pattern_1, vaults_dpeg_hooks, minmay_crypt_entry_simple_box,
          ontoclasm_vaults_misaligned, st_lattice, serial_shops,
          nicolae_shop_waterfront, shop_fountains,
          nicolae_shop_temple_entry_statues_fountains, shop, shop
Vaults:3: nicolae_vaults_holding_cells, v_alt_pattern_6, v_misc_15,
          vaults_room_semicircle, hangedman_vaults_locks,
          nicolae_vaults_ninety_degrees, vaults_mumra_minichess,
          nicolae_vaults_angled_halls, v_rooms_3, vaults_room_ringed_pool,
          grunt_vaults_diagonal, vaults_dpeg_encased_lava, v_alt_pattern_6,
          vaults_room_semicircle, serial_shops, shop_statue, uniq_xtahua
Vaults:4: v_misc_15, vaults_room_guarded_vault, nicolae_vaults_little_squares_4,
          v_rooms_4, nicolae_vaults_circle_grid_a, ontoclasm_vaults_fault,
          dpeg_vaults_monster_box, vaults_room_door_ring, serial_shops,
          nicolae_shop_stone
Trove:    trove_garden
Ossuary:  ossuary_tomb_2
Bailey:   bailey_axe_1, bailey
Volcano:  pf_volcano_lost_world

Skill      XL: |  1  2  3  4  5  6  7  8  9 10 11 12 13 14 15 16 17 18 19 20 21 22 |
---------------+-------------------------------------------------------------------+-----
Stealth        | 5 9 10 12 15 16 18 20 21 24 26 27 | 27.0
Fighting       | 1 2 3 4 5 7 9 10 11 12 13 | 13.0
Short Blades   | 2 3 4 5 6 7 8 9 10 12 13 14 15 16 | 16.0
Hexes          | 5 7 8 9 11 13 14 15 17 19 20 22 23 | 23.0
Shields        | 4 5 6 7 8 9 10 12 13 | 13.0
Dodging        | 3 4 5 7 8 9 10 11 12 13 15 16 | 16.0
Spellcasting   | 3 4 5 6 7 9 10 11 12 13 | 13.0

Action                   |  1- 3 |  4- 6 |  7- 9 | 10-12 | 13-15 | 16-18 | 19-21 | 22-24 || total
-------------------------+-------+-------+-------+-------+-------+-------+-------+-------++-------
Melee: Dagger            |    27 |    90 |   317 |   321 |   376 |  1082 |  1080 |   251 ||  3544
       Bite              |     3 |     2 |    25 |    15 |    25 |   100 |   124 |    34 ||   328
 Cast: Corona            |     4 |       |       |       |       |       |       |       ||     4
       Ensorcelled Hiber |    10 |    33 |    68 |    79 |   157 |   298 |   192 |     5 ||   842
       Confuse           |       |     2 |    38 |    34 |    16 |   165 |   153 |    32 ||   440
       Tukima's Dance    |       |       |    10 |     1 |     3 |    23 |    79 |    23 ||   139
       Dazzling Spray    |       |       |       |       |    20 |    81 |   116 |    47 ||   264
       Invisibility      |       |       |       |       |       |       |    13 |     8 ||    21
       Cause Fear        |       |       |       |       |       |       |     1 |       ||     1
Invok: Shadow Step       |       |       |       |     4 |       |       |     5 |       ||     9
 Abil: End Transformatio |       |       |     1 |     2 |     2 |     3 |     1 |       ||     9
       Bat Form          |       |       |     1 |     2 |     2 |     3 |     1 |       ||     9
  Use: Scroll            |     2 |     6 |    14 |     8 |    22 |    12 |    10 |     4 ||    78
       Potion            |       |     9 |    14 |     9 |     7 |    30 |    13 |     4 ||    86
 Stab: Sleeping          |    11 |    36 |    78 |   146 |   220 |   370 |   259 |     5 ||  1125
       Distracted        |       |     3 |     4 |     8 |    12 |    40 |    43 |     8 ||   118
       Confused          |       |       |    21 |    16 |    13 |    91 |    71 |    16 ||   228
       Invisible         |       |       |       |       |    10 |    17 |    51 |    31 ||   109
  Eat: Corpse            |       |       |     1 |     6 |     3 |     2 |       |       ||    12
Armor: Robe              |     6 |     9 |    40 |    21 |    19 |    72 |    54 |    25 ||   246
       Skin              |       |       |    17 |     8 |       |       |       |       ||    25
Dodge: Dodged            |    12 |    50 |   156 |   192 |   275 |   671 |   666 |   217 ||  2239
Block: Buckler           |       |       |       |    29 |    74 |   564 |   549 |   149 ||  1365
       Reflection        |       |       |       |       |       |    53 |    58 |     3 ||   114
